 Dungeon Crawl Stone Soup version 0.19.0-9-gfd783f2 (webtiles) character file.

45 dobroeutro the Shooter (level 3, -3/29 HPs)
             Began as a Centaur Hunter on Nov 7, 2016.
             Slain by a worm (9 damage)
             ... on level 2 of the Dungeon.
             The game lasted 00:01:59 (1616 turns).

dobroeutro the Shooter (Centaur Hunter)             Turns: 1616, Time: 00:02:00

Health: -3/29      AC:  5    Str: 14    XL:     3   Next: 42%
Magic:  3/3        EV:  8    Int: 10    God:
Gold:   125        SH:  5    Dex: 10    Spells: 0 memorised, 2 levels left

rFire  . . .     SeeInvis .     b - +0 short sword
rCold  . . .     Gourm    .     c - +0 leather armour
rNeg   . . .     Faith    .     e - +2 buckler
rPois  .         Spirit   .     k - +0 helmet
rElec  .         Reflect  .     (no cloak)
rCorr  .         Harm     .     (no gloves)
MR     .....                    (no barding)
Stlth  +.........               (no amulet)
                                (no ring)
                                (no ring)

@: very quick
A: hooves 3, deformed body, speed 2, tough skin 3
a: no special abilities


You were on level 2 of the Dungeon.
You were not hungry.

You visited 1 branch of the dungeon, and saw 2 of its levels.

You collected 125 gold pieces.

Inventory:

Hand Weapons
 a - a +1 shortbow
 b - a +0 short sword (weapon)
Missiles
 d - 32 arrows
Armour
 c - a +0 leather armour (worn)
 e - a +2 buckler (worn)
 k - a +0 helmet (worn)
Jewellery
 j - an uncursed ring of poison resistance {unknown}
Scrolls
 g - a scroll of enchant armour {unknown}
 m - a scroll of identify {unknown}
 n - a scroll of teleportation {unknown}
 o - 2 scrolls of immolation {unknown}
Potions
 h - 2 potions of lignification {unknown}
 i - a potion of curing {unknown}
 q - a potion of heal wounds {unknown}
Comestibles
 f - 2 bread rations
 l - a meat ration
 p - a slice of pizza
 r - 4 chunks of flesh


   Skills:
 - Level 2.0 Fighting
 + Level 6.9 Bows
 - Level 1.3 Dodging
 - Level 0.4 Stealth


You had 2 spell levels left.
You didn't know any spells.

Dungeon Overview and Level Annotations

Branches:
Dungeon (2/15)

Altars:

Annotations:
D:2 Robin


Innate Abilities, Weirdness & Mutations

You have hooves in place of feet.
Armour fits poorly on your strangely shaped body.
You cover ground very quickly.
You have extremely tough skin. (AC +3)


Message History

The worm is heavily wounded.
You hit the worm. You kick the worm, but do no damage.
The worm is heavily wounded.
The worm bites you but does no damage.
You hit the worm. You kick the worm.
The worm is severely wounded.
The worm bites you.
You barely miss the worm. You kick the worm.
The worm is severely wounded.
You barely miss the worm. You kick the worm, but do no damage.
The worm is severely wounded.
The worm bites you.
* * * LOW HITPOINT WARNING * * *
You are too injured to fight recklessly!
You are too injured to fight recklessly!
You are too injured to fight recklessly!
You hit the worm.
The worm is almost dead.
The worm bites you!
You die...

.............#.#.###.##..........
.>...................##....).....
(................###..####.#.....
....#..#.##....#.###.......#####.
...........................#####.
..#<##.#.##....#...........##....
..........................)##....
.....#.####....#.####......##....
........ .......@..........##....
.#...#. .....##w####.).. #....
.###.# ##.#. #.# . #.... .....
#.# ... ##### .##.. . ... # .....
..### # ..... .. # ..# ... # ..#
. #


You could see a worm.

Vanquished Creatures
  2 worms (D:2)
  2 dart slugs (D:1)
  A leopard gecko (D:1)
  A giant cockroach (D:1)
  5 hobgoblins
  9 kobolds
  3 bats
  3 frilled lizards
  6 goblins
  4 rats
36 creatures vanquished.

Notes
Turn   | Place    | Note
-------+----------+-------------------------------------------
     0 | D:1      | dobroeutro the Centaur Hunter began the quest for the Orb.
     0 | D:1      | Reached XP level 1. HP: 17/17 MP: 1/1
   530 | D:1      | Reached XP level 2. HP: 21/24 MP: 2/2
   545 | D:1      | Reached skill level 6 in Bows
  1139 | D:2      | Reached XP level 3. HP: 11/29 MP: 3/3
  1517 | D:2      | Noticed Robin
  1616 | D:2      | Slain by a worm

Skill      XL: |  1  2 |
---------------+-------+-----
Bows           | 6 |  6.9
Fighting       | |  2.0
Dodging        | |  1.3
Stealth        | |  0.4

Action                   || total
-------------------------++-------
Melee: Short sword       ||   140
       Kick              ||    37
 Stab: Distracted        ||     1
  Eat: Chunk             ||     2
Armor: Leather armour    ||    38
Dodge: Dodged            ||    45
Block: Buckler           ||    21
